AoeStats
← Azatapower

Runestones

507865859Analyzed
1v1 RM · 12d ago on Sep 20, 2026· 46m 23s· 2 players
Game mode
Random Map
Map size
Tiny (2 player)
Population
200
Speed
Normal
Resources
Standard
Victory
Conquest
Starting age
Dark Age
Ending age
Imperial Age
RankedLock teamsTeams togetherTeam positionsShared explorationLock speedFull tech treeHidden civsTurbo modeCheats
Victory
Defeat
🇲🇽 Slavs · Mexico
1353
+16
🇧🇷 Lithuanians · Brazil
1350
-16
Azatapower
5:15 Loom
8:56 Feudal Age
9:10 Man-at-Arms
11:41 Horse Collar
15:33 Double-Bit Axe
19:25 Castle Age
17:33 Scale Barding Armor
17:39 Forging
17:36 Double-Bit Axe
17:55 Gold Mining
19:51 Bloodlines
21:07 Wheelbarrow
21:07 Husbandry
21:20 Light Cavalry
32:42 Chain Barding Armor
32:57 Iron Casting
39:25 Imperial Age
37:11 Hand Cart
36:41 Town Watch
39:34 Cavalier
40:40 Winged Hussar
41:49 Bow Saw
43:55 Town Patrol
45:42 Plate Barding Armor
44:59 Fletching
47:12 Chemistry
Mariotellop
2:36 Loom
10:22 Feudal Age
15:01 Castle Age
13:54 Double-Bit Axe
15:51 Bow Saw
15:27 Horse Collar
18:44 Gold Mining
19:27 Stone Mining
21:08 Wheelbarrow
20:27 Town Watch
23:17 Hand Cart
24:12 Fletching
24:47 Bodkin Arrow
25:42 Gold Shaft Mining
26:29 Guard Tower
28:37 Ballistics
34:08 Imperial Age
32:41 Detinets
32:49 Detinets
33:16 Murder Holes
35:59 Chemistry
36:22 Forging
37:51 Conscription
38:43 Town Patrol
38:18 Pikeman
38:49 Halberdier
40:06 Iron Casting
39:32 Scale Mail Armor
40:07 Iron Casting
39:32 Scale Mail Armor
39:34 Squires
42:10 Blast Furnace
41:12 Druzhina
43:20 Chain Mail Armor
45:14 Elite Boyar
Connection lost

Rejoining the realm…

Still unreachable

The connection could not be restored.

Session expired

The server has moved on; the page needs a fresh start.